 Dungeon Crawl Stone Soup version 0.29.1-13-g9f3cf754e1 (webtiles) character file.

Game seed: 7358913632513376219

179 Priul the Grave Robber (level 5, -1/28 HPs)
             Began as a Deep Elf Necromancer on Feb 8, 2023.
             Slain by an ufetubus (2 damage)
             ... on level 4 of the Dungeon.
             The game lasted 00:12:23 (3082 turns).

Priul the Grave Robber (Deep Elf Necromancer)       Turns: 3082, Time: 00:12:24

Health: -1/28      AC:  3    Str:  5    XL:     5   Next: 33%
Magic:  1/14       EV: 12    Int: 22    God:
Gold:   233        SH:  0    Dex: 15    Spells: 9/14 levels left

rFire   . . .      SeeInvis +   l - +2 trident (freeze)
rCold   . . .      Faith    .   (no shield)
rNeg    . . .      Spirit   .   a - +0 robe
rPois   +          Reflect  .   (no helmet)
rElec   .          Harm     .   (no cloak)
rCorr   .          Rampage  .   (no gloves)
Will    .....                   j - +0 pair of boots
Stlth   ++........              (no amulet)
HPRegen 0.09/turn               d - ring of poison resistance
MPRegen 0.14/turn               m - ring of see invisible

@: no status effects
A: no striking features
a: no special abilities


You were on level 4 of the Dungeon.
You visited 1 branch of the dungeon, and saw 4 of its levels.

You collected 233 gold pieces.

Inventory:

Hand Weapons
 l - a +2 trident of freezing (weapon)
 r - a +1 antimagic war axe
Armour
 a - a +0 robe (worn)
 j - a +0 pair of boots (worn)
Jewellery
 d - a ring of poison resistance (left hand)
 m - a ring of see invisible (right hand)
Scrolls
 c - 3 scrolls of acquirement {unknown}
 e - a scroll of vulnerability {unknown}
 f - a scroll of immolation {unknown}
 g - a scroll of amnesia {unknown}
 h - 4 scrolls of identify {unknown}
 i - 4 scrolls of teleportation {unknown}
 k - a scroll of fog {unknown}
 n - a scroll of noise {unknown}
 o - a scroll of poison {unknown}
 q - a scroll of enchant weapon {unknown}
Potions
 b - a potion of magic
 p - a potion of cancellation {unknown}
 s - a potion of curing
 t - a potion of heal wounds {unknown}
 u - a potion of brilliance {unknown}


   Skills:
 + Level 2.6 Dodging
 + Level 2.7 Stealth
 + Level 5.2 Spellcasting
 + Level 6.4 Necromancy
 + Level 1.3 Earth Magic


You had 9 spell levels left.
You knew the following spells:

 Your Spells              Type           Power      Damage    Failure   Level
a - Necrotise             Necr           100%       1d9       1%          1
b - Vampiric Draining     Necr           34%        2d8       1%          3
c - Sandblast             Erth           22%        2d7       5%          1

Your spell library contained the following spells:

 Spells                   Type           Power      Damage    Failure   Level
 Animate Dead             Necr           34%        N/A       7%          4
 Beastly Appendage        Tmut           10%        N/A       10%         1
 Passwall                 Tmut/Erth      6%         N/A       12%         2
 Wereblood                Tmut           5%         N/A       16%         2
 Agony                    Necr           34%        N/A       19%         5
 Stone Arrow              Conj/Erth      16%        3d8       22%         3
 Confusing Touch          Hex            5%         N/A       30%         3
 Spider Form              Tmut/Pois      5%         N/A       30%         3
 Summon Forest            Summ/Tloc      2%         N/A       95%         5
 Summon Mana Viper        Hex/Summ       5%         N/A       95%         5
 Yara's Violent Unravell  Hex/Tmut       2%         3d3       95%         5
 Summon Cactus Giant      Summ           2%         N/A       100%        6
 Enfeeble                 Hex            2%         N/A       100%        7


Dungeon Overview and Level Annotations

Branches:
Dungeon (4/15)
 Temple: D:4-7

Altars:


Message History

You draw life force from the ogre!
You kill the ogre!
You feel life coursing into your body.
The ufetubus hits you but does no damage.
The ufetubus misses you.
Your magical contamination has completely faded away.
Your Spellcasting skill increases to level 5!
Your Earth Magic skill increases to level 1!
You have reached level 5!
You barely miss the ufetubus. The ufetubus barely misses you.
The ufetubus hits you but does no damage.
The ufetubus hits you. x2
Casting: Vampiric Draining (safe; 1% risk of failure)
Confirm with . or Enter, or press ? or * to list all spells.
Aiming: Sandblast (safe; 5% risk of failure)
Press: ? - help, Shift-Dir - straight line, f - ufetubus
Aim: an ufetubus (70% to hit)
The blast of sand misses the ufetubus.
The ufetubus barely misses you. x2
The ufetubus closely misses you.
The ufetubus hits you but does no damage.
You miss the ufetubus. The ufetubus hits you.
The ufetubus closely misses you. x2
The ufetubus hits you.
* * * LOW HITPOINT WARNING * * *
It was a potion of curing.
You feel better. The ufetubus barely misses you. x3
The ufetubus hits you. The ufetubus attacks as you move away!
The ufetubus completely misses you. The ufetubus closely misses you.
The ufetubus hits you.
* * * LOW HITPOINT WARNING * * *
The ufetubus hits you.
* * * LOW HITPOINT WARNING * * *
The ufetubus hits you.
* * * LOW HITPOINT WARNING * * *
The ufetubus closely misses you.
There is a stone staircase leading up here.
You hit the ufetubus but do no damage. The ufetubus misses you. x2
The ufetubus barely misses you. The ufetubus hits you.
* * * LOW HITPOINT WARNING * * *
The ufetubus barely misses you. x2; The ufetubus hits you.
You die...

#.# #.#
###########.#
#...........#
#.###########
#.###########
#...........#
###########.####
...<.....5@#
#######.#### #.#
#.# #)# #.#
....O.....<#
5#.#########


You could see an ufetubus.

Vanquished Creatures
  An ogre (D:4)
  2 adders
  An ufetubus (D:4)
  2 worms (D:2)
  A dart slug (D:3)
  4 endoplasms
  2 giant cockroaches
  8 goblins
  10 hobgoblins
  11 ball pythons
  2 bats (D:1)
  3 frilled lizards
  5 kobolds
  5 rats
57 creatures vanquished.

Vanquished Creatures (collateral kills)
  A hobgoblin (D:1)
1 creature vanquished.

Grand Total: 58 creatures vanquished

Notes
Turn   | Place    | Note
-------+----------+-------------------------------------------
     0 | D:1      | Priul the Deep Elf Necromancer began the quest for the Orb.
     0 | D:1      | Reached XP level 1. HP: 10/10 MP: 6/6
   175 | D:1      | Reached skill level 5 in Necromancy
   276 | D:1      | Reached XP level 2. HP: 15/15 MP: 6/8
   346 | D:1      | Found a faded altar of an unknown god.
   751 | D:2      | Reached XP level 3. HP: 19/19 MP: 8/10
  1087 | D:2      | Learned a level 3 spell: Vampiric Draining
  1277 | D:2      | Reached skill level 6 in Necromancy
  1798 | D:3      | Learned a level 1 spell: Sandblast
  2451 | D:3      | Reached XP level 4. HP: 24/24 MP: 8/12
  3063 | D:4      | Noticed an ogre
  3071 | D:4      | Killed an ogre
  3072 | D:4      | Reached skill level 5 in Spellcasting
  3072 | D:4      | Reached skill level 1 in Earth Magic
  3072 | D:4      | Reached XP level 5. HP: 17/28 MP: 1/14
  3081 | D:4      | HP: 1/28 [ufetubus (3)]
  3082 | D:4      | Slain by an ufetubus

Illustrated notes

Levels and vault maps discovered:
D:1:      onia_arrival_mini_spirals, layout_rooms,
          nicolae_ecumenical_snake_handling
D:2:      layout_loops_ring, corexii_leaking_fountain
D:3:      layout_basic
D:4:      layout_basic, hangedman_minor_gate_pass

Skill      XL: |  1  2  3  4 |
---------------+-------------+-----
Necromancy     | 5 6 |  6.4
Spellcasting   | 4 5 |  5.2
Earth Magic    | 1 |  1.3
Dodging        | |  2.6
Stealth        | |  2.7

Action                   |  1- 3 |  4- 6 || total
-------------------------+-------+-------++-------
Melee: Trident           |       |     4 ||     4
 Cast: Necrotise         |    76 |     4 ||    80
       Sandblast         |     6 |    15 ||    21
       Vampiric Draining |     1 |     3 ||     4
  Use: Potion            |       |     1 ||     1
Armor: Robe              |     2 |     6 ||     8
Dodge: Dodged            |     7 |    29 ||    36
